AoeStats
← Galo.

Migration

505759934Analyzed
1v1 RM · 21d ago on Sep 10, 2026· 47m 0s· 2 players
Game mode
Random Map
Map size
132×132
Population
200
Speed
Normal
Resources
Standard
Victory
Conquest
Starting age
Dark Age
Ending age
Imperial Age
RankedLock teamsTeams togetherTeam positionsShared explorationLock speedFull tech treeHidden civsTurbo modeCheats
Victory
Defeat
🇨🇱 Huns · Chile
500
+14
🇦🇷 Chinese · Argentina
459
-14
Galo.
12:21 Feudal Age
14:04 Double-Bit Axe
14:56 Wheelbarrow
16:48 Loom
22:42 Castle Age
23:18 Pikeman
33:29 Forging
33:21 Scale Mail Armor
34:10 Medium Warships
39:11 Imperial Age
41:51 Arson
43:25 Chemistry
44:37 Halberdier
47:34 Iron Casting
fv.estrada.99
10:06 Feudal Age
13:00 Double-Bit Axe
17:34 Fishing Lines
25:43 Bloodlines
27:01 Arson
26:38 Man-at-Arms
30:06 Castle Age
28:42 Wheelbarrow
27:53 Town Watch
30:24 Man-at-Arms
31:09 Squires
30:35 Pikeman
31:41 Thumb Ring
31:41 Husbandry
31:59 Scale Barding Armor
32:05 Forging
31:38 Long Swordsman
32:27 Scale Mail Armor
33:17 Gillnets
38:21 Hand Cart
38:29 Chain Mail Armor
41:04 Town Patrol
40:49 Loom
45:27 Imperial Age
45:34 Capped Ram
Connection lost

Rejoining the realm…

Still unreachable

The connection could not be restored.

Session expired

The server has moved on; the page needs a fresh start.